 Dungeon Crawl Stone Soup version 0.25-a0-310-g60f0ac2d9a (webtiles) character file.

Game seed: 7521381905925167878, levelgen mode: classic

56 Borgoz the Slasher (level 3, -3/21 HPs)
             Began as a Gargoyle Gladiator on Dec 23, 2019.
             Killed by divine providence
             ... invoked by an orc priest
              (16 damage)
             ... on level 3 of the Dungeon.
             The game lasted 00:01:17 (1244 turns).

Borgoz the Slasher (Gargoyle Gladiator)             Turns: 1244, Time: 00:01:18

Health: -3/21      AC:  8    Str: 17    XL:     3   Next: 97%
Magic:  3/3        EV: 12    Int:  8    God:
Gold:   186        SH:  0    Dex: 12    Spells: 2/2 levels left

rFire    . . .     SeeInvis .   a - +0 long sword
rCold    + . .     Gourm    .   (no shield)
rNeg     + . .     Faith    .   b - +0 leather armour
rPois    ∞         Spirit   .   c - +0 helmet
rElec    +         Reflect  .   m - +0 cloak
rCorr    .         Harm     .   (no gloves)
MR       .....                  (no boots)
Stlth    +.........             (no amulet)
HPRegen  0.07/turn              l - ring of protection from cold
MPRegen  0.08/turn              (no ring)

@: no status effects
A: negative energy resistance 1, electricity resistance, unbreathing,
petrification resistance, rot immunity, AC +3
a: no special abilities


You were on level 3 of the Dungeon.
You were not hungry.

You visited 1 branch of the dungeon, and saw 3 of its levels.

You collected 186 gold pieces.

Inventory:

Hand Weapons
 a - a +0 long sword (weapon)
Missiles
 d - 3 throwing nets (quivered)
Armour
 b - a +0 leather armour (worn)
 c - a +0 helmet (worn)
 m - a +0 cloak (worn)
Jewellery
 l - a ring of protection from cold (left hand)
 o - an uncursed ring of positive energy {unknown}
Scrolls
 i - 3 scrolls of identify {unknown}
 j - 2 scrolls of teleportation {unknown}
 k - a scroll of blinking {unknown}
 p - a scroll of fear {unknown}
 q - a scroll of amnesia {unknown}
 r - a scroll of enchant weapon {unknown}
Potions
 e - 2 potions of agility {unknown}
 g - a potion of curing {unknown}
 h - a potion of degeneration {unknown}
 n - a potion of haste {unknown}
 s - a potion of ambrosia {unknown}
 t - a potion of resistance {unknown}
Comestibles
 f - 3 rations


   Skills:
 - Level 2.1 Fighting
 + Level 3.3 Long Blades
 - Level 1.7 Throwing
 + Level 1.9 Armour
 + Level 3.0 Dodging


You had 2 spell levels left.
You didn't know any spells.
Your spell library was empty.

Dungeon Overview and Level Annotations

Branches:
Dungeon (3/15)

Altars:


Innate Abilities, Weirdness & Mutations

You are resistant to torment.
Your stone body is resilient. (AC +3)
You are immune to poison.
You resist negative energy. (rN+)
You are resistant to electric shocks. (rElec)
You can survive without breathing.
You are immune to petrification.
You are immune to rotting.


Message History

You barely miss the goblin. The goblin hits you but does no damage.
The orc priest hits you from afar with a +0 trident!
You closely miss the orc. The orc hits you but does no damage.
The goblin barely misses you.
You riposte.
You slash the goblin!
You kill the goblin!
The orc priest hits you but does no damage.
You closely miss the orc. The orc hits you but does no damage.
The orc priest closely misses you. The orc hits you but does no damage.
You hit the orc.
The orc is heavily wounded.
The rat bites you but does no damage. The orc priest closely misses you.
The orc hits you but does no damage. The rat closely misses you.
You hit the orc.
You kill the orc!
The orc priest barely misses you. The rat bites you but does no damage.
You barely miss the rat.
The orc priest invokes the aid of Beogh against you.
Beogh smites you!
Ouch! That really hurt!
You die...

....... .
.......... #.
#......... ...
###.$....... ....
........... .....
..........
......##r........
#....o)@.........
####..##.........
#...#.........
#.....<.....##
####.....##...
#.....# ..
#.....# # #######


You could see an orc priest and a rat.

Vanquished Creatures
  An ooze (D:2)
  A worm (D:2)
  A dart slug (D:1)
  7 orcs
  3 giant cockroaches
  3 goblins
  7 hobgoblins
  2 jackals (D:2)
  3 kobolds
  A ball python (D:1)
  3 bats (D:1)
  2 frilled lizards (D:1)
  5 rats
39 creatures vanquished.

Notes
Turn   | Place    | Note
-------+----------+-------------------------------------------
     0 | D:1      | Borgoz the Gargoyle Gladiator began the quest for the Orb.
     0 | D:1      | Reached XP level 1. HP: 12/12 MP: 1/1
   155 | D:1      | Reached XP level 2. HP: 17/17 MP: 2/2
   232 | D:1      | Reached skill level 1 in Armour
   569 | D:1      | Reached XP level 3. HP: 21/21 MP: 3/3
  1244 | D:3      | Killed from afar by an orc priest

Levels and vault maps discovered:
D:1:      wander_arrival_abandoned_jail, layout_basic, dk_noncrumbling_3,
          minmay_pentomino_z2
D:2:      layout_loops_ring
D:3:      layout_rooms, zin_purify, old_standard_altar, elyvilon_altar_1,
          first_ration

Skill      XL: |  1  2  3 |
---------------+----------+-----
Armour         | 1 |  1.9
Long Blades    | 3 |  3.3
Dodging        | 3 |  3.0
Fighting       | |  2.1
Throwing       | |  1.7

Action                   || total
-------------------------++-------
Melee: Long sword        ||    97
  Eat: Chunk             ||     1
Armor: Leather armour    ||    56
Dodge: Dodged            ||    77
       Rpst.: Long sword ||    22

Table legend:
 A = Non-vault XP
 B = Vault XP
 C = Vault XP percentage of total XP
 D = Non-vault monster count
 E = Vault monster count
 F = Vault count percentage of total count
                 A         B        C        D         E       F
            +---------+---------+-------+---------+---------+-------
      Total |      78 |       3 |   3.7 |      37 |       2 |   5.1
            +---------+---------+-------+---------+---------+-------
        D:1 |      31 |       3 |   8.8 |      19 |       2 |   9.5
        D:2 |      36 |       0 |   0.0 |      14 |       0 |   0.0
        D:3 |      11 |       0 |   0.0 |       4 |       0 |   0.0
            +---------+---------+-------+---------+---------+-------
